 Dungeon Crawl Stone Soup version 0.30-a0-920-g7493c07aab (webtiles) character file.

Game seed: 18349115991120373191

4893 GloriousHammer the Fighter (level 10, -5/115 HPs)
             Began as an Ogre Cinder Acolyte on Mar 22, 2023.
             Was a Priest of Ignis.
             Slain by a catoblepas (12 damage)
             ... on level 8 of the Dungeon.
             The game lasted 00:18:54 (12823 turns).

GloriousHammer the Fighter (Ogre Cinder Acolyte)   Turns: 12823, Time: 00:18:55

Health: -5/115     AC: 13    Str: 20    XL:     10   Next: 51%
Magic:  7/15       EV:  9    Int: 17    God:    Ignis [***...]
Gold:   302        SH:  0    Dex:  8    Spells: 14/16 levels left

rFire   + . .      SeeInvis .    B - +7 flail of Defenestration {flame, Will+ Dex+2}
rCold   . . .      Faith    .    (no shield)
rNeg    . . .      Spirit   .    G - +0 steam dragon scales
rPois   .          Reflect  .    (helmet restricted)
rElec   .          Rampage  .    (no cloak)
rCorr   .                        (gloves unavailable)
Will    ++...                    (boots unavailable)
Stlth   +                        (no amulet)
HPRegen 0.39/turn                (no ring)
MPRegen 0.14/turn                (no ring)

@: fiery-armoured
A: large, unfitting armour, tough skin 1
a: Renounce Religion, Fiery Armour, Foxfire Swarm, Rising Flame


You were on level 8 of the Dungeon.
You worshipped Ignis.
Ignis was most pleased with you.
You visited 2 branches of the dungeon, and saw 9 of its levels.

You collected 379 gold pieces.
You spent 77 gold pieces at shops.

Inventory:

Hand Weapons
 b - a +0 sling
 B - the +7 flail of Defenestration (weapon) {flame, Will+ Dex+2}
   (You took it off an orc on level 5 of the Dungeon)

   Dex:       It affects your dexterity (+2).
   Will:      It increases your willpower.
Missiles
 a - a curare-tipped dart
 m - 43 stones
 n - 30 poisoned darts
 p - 7 large rocks (quivered)
 r - 5 datura-tipped darts
 C - a boomerang
Armour
 G - +0 steam dragon scales (worn)
Jewellery
 S - a +6 ring of strength
 T - a +4 ring of protection
Wands
 j - a wand of mindburst (10)
 w - a wand of quicksilver (15)
 D - a wand of polymorph (21)
 E - a wand of iceblast (5)
Scrolls
 e - 3 scrolls of poison
 f - a scroll of blinking {unknown}
 g - a scroll of fear {unknown}
 h - 2 scrolls of vulnerability
 l - 9 scrolls of teleportation
 o - a scroll of summoning {unknown}
 v - a scroll of fog {unknown}
 y - 2 scrolls of enchant armour
 I - a scroll of identify
Potions
 c - 3 potions of might
 d - 3 potions of invisibility
 i - a potion of haste {unknown}
 k - a potion of attraction {unknown}
 q - 4 potions of curing
 s - 3 potions of heal wounds
 t - 3 potions of degeneration {unknown}
 u - 3 potions of lignification {unknown}
 x - a potion of berserk rage
 A - 2 potions of brilliance {unknown}
 F - 2 potions of flight {unknown}
Miscellaneous
 z - a phantom mirror


   Skills:
 + Level 11.7 Fighting
 + Level 8.3 Maces & Flails
 + Level 8.0 Throwing
 - Level 3.6 Spellcasting
 - Level 4.0 Fire Magic


You had 14 spell levels left.
You knew the following spells:

 Your Spells              Type           Power      Damage    Failure   Level
a - Scorch                Fire           32%        2d6       4%          2

Your spell library contained the following spells:

 Spells                   Type           Power      Damage    Failure   Level
 Freeze                   Ice            12%        1d3       17%         1
 Call Canine Familiar     Summ           3%         N/A       45%         3
 Frozen Ramparts          Ice            6%         1d1       45%         3
 Hailstorm                Conj/Ice       3%         3d3       45%         3
 Portal Projectile        Hex/Tloc       6%         N/A       45%         3
 Leda's Liquefaction      Hex/Erth       1%         N/A       86%         4


Dungeon Overview and Level Annotations

Branches:
Dungeon (8/15)             Temple (1/1) D:7
   Lair: D:8-11

Altars:
Ashenzari
Cheibriados
Dithmenos
Elyvilon
Fedhas
Gozag
Hepliaklqana
Kikubaaqudgha
Makhleb
Nemelex Xobeh
Okawaru
Qazlal
Ru
Sif Muna
Trog
Uskayaw
Vehumet
Wu Jian
Yredelemnul
Zin
The Shining One

Shops:
D:7 ?   D:8 (

Annotations:
D:5 3 runed translucent doors, billz999's ghost, novice GnHu; oldplebian's ghost, amateur GnCA
D:7 exclusion: downstairs
D:8 1 runed translucent door, 3 exclusions, cforsyth's ghost, novice HuFi


Innate Abilities, Weirdness & Mutations

You are too large for most types of armour.
You have tough skin. (AC +1)


Message History

A catoblepas is nearby!
Found a gnarled smoking staff, a whip and a glowing mace.
Really walk into a travel-excluded area?
The catoblepas breathes a plume of calcifying dust at you.
The blast of calcifying dust hits you!
You see here a staff of conjuration.
Found a weird jewelled staff.
You see here a +0 whip.
You see here a +2 mace of venom.
Really walk into a travel-excluded area? [Y]es or [N]o only, please.
Really walk into a travel-excluded area?
You see here a staff of poison.
Things that are here:
a green potion; a phantom mirror
i - a green potion;
z - a phantom mirror
Casting: Scorch (safe; 4% risk of failure)
Confirm with . or Enter, or press ? or * to list all spells.
Flames lash the catoblepas but do no damage.
The catoblepas gores you!!
Casting: Scorch (safe; 4% risk of failure)
Confirm with . or Enter, or press ? or * to list all spells.
Flames lash the catoblepas.
The catoblepas is lightly wounded.
The catoblepas's fire resistance burns away.
The catoblepas rams the ground with its head heavily.
The catoblepas breathes a plume of calcifying dust at you.
The blast of calcifying dust hits you! The catoblepas closely misses you.
A protective cloak of flame settles atop you.
The catoblepas breathes a plume of calcifying dust at you.
The blast of calcifying dust hits you.
You sock the catoblepas! You burn the catoblepas.
The catoblepas is moderately wounded.
The catoblepas is no longer more vulnerable to fire.
The catoblepas closely misses you.
You hit the catoblepas. You burn the catoblepas.
The catoblepas is moderately wounded.
The catoblepas gores you but does no damage.
You hit the catoblepas but do no damage.
The catoblepas is moderately wounded.
The catoblepas gores you!
The catoblepas is burned by your cloak of flames.
The catoblepas is moderately wounded.
Casting: Scorch (safe; 4% risk of failure)
Confirm with . or Enter, or press ? or * to list all spells.
Flames lash the catoblepas but do no damage.
The catoblepas gores you.
You hit the catoblepas but do no damage.
The catoblepas is moderately wounded.
The catoblepas breathes a plume of calcifying dust at you.
The blast of calcifying dust hits you.
The catoblepas breathes a plume of calcifying dust at you.
The blast of calcifying dust hits you. The catoblepas barely misses you.
Casting: Scorch (safe; 4% risk of failure)
Confirm with . or Enter, or press ? or * to list all spells.
Flames lash the catoblepas.
The catoblepas is heavily wounded.
The catoblepas's fire resistance burns away.
The catoblepas gores you!
You hit the catoblepas but do no damage.
The catoblepas is heavily wounded.
You hit the catoblepas. You burn the catoblepas.
The catoblepas is heavily wounded.
The catoblepas gores you!
* * * LOW HITPOINT WARNING * * *
The catoblepas is burned terribly!
The catoblepas is burned by your cloak of flames.
The catoblepas is severely wounded.
Casting: Scorch (safe; 4% risk of failure)
Confirm with . or Enter, or press ? or * to list all spells.
Flames lash the catoblepas but do no damage.
The catoblepas breathes a plume of calcifying dust at you.
The blast of calcifying dust hits you!
* * * LOW HITPOINT WARNING * * *
The catoblepas is no longer more vulnerable to fire.
Aiming: Mindburst
Press: ? - help, Shift-Dir - straight line, f - catoblepas
Aim: a catoblepas (calcifying dust, severely wounded, chance to affect: 6%)
The catoblepas resists with almost no effort.
The catoblepas gores you.
* * * LOW HITPOINT WARNING * * *
The catoblepas is burned by your cloak of flames.
The catoblepas is severely wounded.
Okay, then.
Press: ? - help, v - describe, . - travel
Here: a catoblepas (calcifying dust, severely wounded)
The floor, spattered with blood.
Throw: 8 large rocks
Press: ? - help, Q - select action, (/) - cycle Shift-Dir - straight line, f/p - catoblepas
Aim: a catoblepas (calcifying dust, severely wounded, 91% to hit)
You throw a large rock. The large rock hits the catoblepas!
The catoblepas is almost dead.
The catoblepas gores you.
* * * LOW HITPOINT WARNING * * *
The catoblepas is burned by your cloak of flames.
The catoblepas is almost dead.
The catoblepas gores you!
You die...

#. #..# ⌠...⌠#.# #.#
##.#####.###.#
#..##)Y)##.....#.# #.#
#..#|.#.|#.#.#.#.# #..
#..###...#.#...# ..#
##..#.)#.#.#.#.# #.# ##
##...##.....#.# #)###.#
###Y#####.###.# #.##.##
#.@§..##...##.#
#.#.#.###.###.#.#.#.#.##
#..###.#..(#)..........#
..### #.##
##.#.###.#..#..#..#
#...##.#
##.##.....#..#..#..#
#...###.#####.#####[###..#
##)......................#
#.)#......######....###.#
##)###....# ####...).##


You could see a catoblepas.

Vanquished Creatures
  A cyclops (D:8)
  A slime creature (D:8)
  Eustachio (D:4)
  3 steam dragons
  Menkaure (D:4)
  Edmund (D:4)
  2 water moccasins (D:5)
  4 black bears
  2 ice beasts (D:5)
  2 ogres
  5 centaurs
  2 phantoms
  2 kobold brigands
  6 bullfrogs
  A gnoll sergeant (D:8)
  4 scorpions
  A wight (D:8)
  2 howler monkeys
  A crimson imp (D:5)
  3 orc priests
  2 hounds
  3 jellies
  10 iguanas
  Jessica (D:2)
  3 gnoll boudas
  3 sleepcaps
  Ijyb (D:4)
  2 orc wizards
  Robin (D:2)
  19 gnolls
  8 adders
  4 white imps
  An ufetubus (D:5)
  A worm (D:3)
  2 dart slugs
  20 orcs
  6 endoplasms
  4 giant cockroaches
  11 goblins
  4 hobgoblins
  4 jackals (D:3)
  15 kobolds
  A quokka (D:5)
  9 bats
  4 frilled lizards
  4 rats
188 creatures vanquished.

Vanquished Creatures (others)
  A kobold (D:8)
  18 foxfires
19 creatures vanquished.

Grand Total: 207 creatures vanquished

Notes
Turn   | Place    | Note
-------+----------+-------------------------------------------
     0 | D:1      | GloriousHammer the Ogre Cinder Acolyte began the quest for
                  | the Orb.
     0 | D:1      | Reached XP level 1. HP: 24/24 MP: 2/2
   525 | D:1      | Reached XP level 2. HP: 29/32 MP: 2/4
   901 | D:1      | Learned a level 2 spell: Scorch
  1601 | D:2      | Found a bloodstained altar of Trog.
  1784 | D:2      | Reached XP level 3. HP: 40/40 MP: 2/5
  1817 | D:2      | Noticed Robin
  1893 | D:2      | Killed Robin
  2324 | D:2      | Reached XP level 4. HP: 49/49 MP: 4/7
  2661 | D:2      | Noticed Jessica
  2664 | D:2      | Killed Jessica
  3289 | D:3      | Reached skill level 5 in Fighting
  3289 | D:3      | Reached XP level 5. HP: 52/57 MP: 0/9
  3398 | D:3      | Found a faded altar of an unknown god.
  3545 | D:3      | Found a glowing golden altar of the Shining One.
  3547 | D:3      | Found a white marble altar of Elyvilon.
  3547 | D:3      | Found a glowing silver altar of Zin.
  4141 | D:3      | Reached skill level 1 in Throwing
  4377 | D:3      | Reached XP level 6. HP: 66/66 MP: 10/10
  5091 | D:4      | Noticed Ijyb
  5097 | D:4      | Killed Ijyb
  5294 | D:4      | Noticed Eustachio
  5301 | D:4      | Killed Eustachio
  5302 | D:4      | Reached skill level 6 in Fighting
  5302 | D:4      | Reached XP level 7. HP: 75/75 MP: 3/12
  5494 | D:4      | Found an ancient bone altar of Kikubaaqudgha.
  5500 | D:4      | Noticed Menkaure
  5566 | D:4      | Killed Menkaure
  5902 | D:4      | Noticed Edmund
  5922 | D:4      | Killed Edmund
  6142 | D:4      | Found a hazy altar of Hepliaklqana.
  6142 | D:4      | Found a hide-covered altar of Uskayaw.
  6284 | D:5      | Entered Level 5 of the Dungeon
  6317 | D:5      | Found an ornate altar of the Wu Jian Council.
  6331 | D:5      | Found a runed translucent gate.
  6332 | D:5      | Found a runed translucent gate.
  6332 | D:5      | Found a runed translucent gate.
  6334 | D:5      | Noticed billz999's ghost (novice GnHu)
  6334 | D:5      | Noticed oldplebian's ghost (amateur GnCA)
  6400 | D:5      | Found a sacrificial altar of Ru.
  6451 | D:5      | Reached skill level 7 in Fighting
  6451 | D:5      | Reached skill level 5 in Maces & Flails
  6451 | D:5      | Reached XP level 8. HP: 84/87 MP: 4/13
  6760 | D:5      | Found a sparkling altar of Nemelex Xobeh.
  6817 | D:5      | Identified the +7 flail of Defenestration {flame, Will+
                  | Dex+2}
  6838 | D:5      | Reached skill level 8 in Fighting
  7234 | D:5      | Found a burning altar of Makhleb.
  7234 | D:5      | Noticed a cacodemon
  7408 | D:5      | Reached skill level 5 in Throwing
  7549 | D:5      | Reached XP level 9. HP: 73/97 MP: 3/14
  7759 | D:5      | Reached skill level 9 in Fighting
  9343 | D:6      | Reached skill level 10 in Fighting
  9614 | D:7      | Found a staircase to the Ecumenical Temple.
 10356 | D:7      | Reached XP level 10. HP: 94/111 MP: 12/15
 10611 | D:7      | Found Geecrak's Magic Scroll Shoppe.
 10651 | D:7      | Bought a scroll of identify for 22 gold pieces
 10651 | D:7      | Bought a scroll of teleportation for 33 gold pieces
 10651 | D:7      | Bought a scroll of identify for 22 gold pieces
 10893 | D:7      | Reached skill level 11 in Fighting
 11087 | Temple   | Entered the Ecumenical Temple
 11609 | D:8      | Noticed a cyclops
 11622 | D:8      | Noticed a gargoyle
 11627 | D:8      | Noticed a catoblepas
 11630 | D:8      | Killed a cyclops
 11795 | D:8      | Found Viusoih's Antique Weapon Shoppe.
 12185 | D:8      | Found a runed translucent door.
 12185 | D:8      | Noticed a boulder beetle
 12186 | D:8      | Noticed cforsyth's ghost (novice HuFi)
 12823 | D:8      | Slain by a catoblepas

Illustrated notes

Levels and vault maps discovered:
D:1:      enne_arrival_octagon_isle, layout_loops_corners,
          amcnicky_mini_rare_corridor_liquid
D:2:      minmay_chambers_of_ones, layout_basic, basic_altar, uniq_jessica,
          uniq_robin
D:3:      layout_loops_cross, dreamdust_divine_triumvirate,
          ebering_ecumenical_altar_abandoned
D:4:      nicolae_cairo_tiling_very_big, layout_rooms, kennysheep_mini,
          nicolae_overflow_two_pavilions, uniq_ijyb, uniq_edmund,
          uniq_eustachio, uniq_menkaure
D:5:      minmay_octagon_keep, layout_loops_ring, nicolae_ru_awakened_eye,
          makhleb_altar_promises_db, mainiacjoe_overflow_chevrons,
          gammafunk_ghost_cemetery, minmay_ruined_shrine
D:6:      layout_basic, hex_medium
D:7:      layout_basic, minmay_temple_entry_sparse_star, serial_shops,
          nicolae_lakefront_shop, hangedman_abyss_or_decor_passed, minmay_puff
D:8:      minmay_the_grid_square_5x5_3x3 [minmay_the_grid_square_5x5_tri_point,
          minmay_the_grid_square_5x5_eight, minmay_the_grid_square_5x5_shrine2,
          minmay_the_grid_square_5x5_inner_i,
          minmay_the_grid_square_5x5_megaprize_diamond,
          minmay_the_grid_square_5x5_hourglass,
          minmay_the_grid_square_5x5_minimal,
          minmay_the_grid_square_5x5_percent,
          minmay_the_grid_square_5x5_broken_cross], layout_cave_pods,
          ebering_ghost_inner_flame, nicolae_stop_n_shop_1
Temple:   minmay_temple_forest_path

Skill      XL: |  1  2  3  4  5  6  7  8  9 10 |
---------------+-------------------------------+-----
Fire Magic     | 3 4 |  4.0
Maces & Flails | 3 4 5 6 7 8 |  8.3
Spellcasting   | 2 3 |  3.6
Fighting       | 5 6 7 8 10 11 | 11.7
Throwing       | 1 2 3 5 7 8 |  8.0

Action                     |  1- 3 |  4- 6 |  7- 9 | 10-12 || total
---------------------------+-------+-------+-------+-------++-------
  Melee: Mace              |    55 |     3 |       |       ||    58
         Punch             |     1 |       |       |       ||     1
         Whip              |       |    34 |    38 |       ||    72
         Flail             |       |       |    49 |    65 ||   114
   Fire: Sling             |    42 |    13 |       |       ||    55
  Throw: Stone             |       |    16 |       |       ||    16
         Dart              |       |     6 |     6 |     4 ||    16
         Large rock        |       |       |     1 |     1 ||     2
   Cast: Scorch            |    23 |    48 |   110 |    51 ||   232
 Invoke: Fiery Armour      |       |       |     2 |     2 ||     4
         Foxfire Swarm     |       |       |     1 |     1 ||     2
  Evoke: Wand              |       |       |     2 |     1 ||     3
    Use: Scroll            |       |       |       |     7 ||     7
 Armour: Robe              |    30 |    20 |    26 |       ||    76
         Steam dragon scal |       |       |       |    34 ||    34
  Dodge: Dodged            |    51 |    26 |    59 |    41 ||   177

Table legend: (Time is in decaauts)
 A = Elapsed time spent in this place.
 B = Non-inter-level travel time spent in this place.
 C = Inter-level travel time spent in this place.
 D = Time resting spent in this place.
 E = Time spent auto-exploring this place.
 F = Levels seen in this place.
 G = Mean time per level.
                   A        B        C        D        E       F      G
               +--------+--------+--------+--------+--------+-----+--------+
         Total |  12854 |  12410 |    444 |   4263 |   6683 |   9 | 1428.2 |
       Dungeon |  12443 |  12050 |    393 |   4263 |   6336 |   8 | 1555.4 |
        Temple |    410 |    359 |     51 |      0 |    347 |   1 |  410.0 |
               +--------+--------+--------+--------+--------+-----+--------+

Top non-repeatable levels by time:
     D:7: 2065 daAuts
     D:5: 1953 daAuts
     D:4: 1792 daAuts
     D:2: 1739 daAuts
     D:1: 1477 daAuts
     D:3: 1312 daAuts
     D:6: 1145 daAuts
     D:8: 958 daAuts
  Temple: 410 daAuts
